 Dungeon Crawl Stone Soup version 0.22-a0-542-gce4f928 (webtiles) character file.

14 kae the Insei (level 2, -1/21 HPs)
             Began as a Demonspawn Transmuter on June 24, 2018.
             Slain by a gnoll
             ... wielding a +0 spear
              (5 damage)
             ... on level 2 of the Dungeon.
             The game lasted 00:00:48 (955 turns).

kae the Insei (Demonspawn Transmuter)                Turns: 955, Time: 00:00:49

Health: -1/21      AC:  4    Str: 10    XL:     2   Next: 27%
Magic:  5/5        EV: 12    Int: 19    God:
Gold:   52         SH:  0    Dex: 13    Spells: 4/5 levels left

rFire    . . .     SeeInvis .   h - +0 hand axe
rCold    . . .     Gourm    .   (no shield)
rNeg     + . .     Faith    .   b - +0 robe
rPois    .         Spirit   .   (no helmet)
rElec    .         Reflect  .   (no cloak)
rCorr    .         Harm     .   (no gloves)
MR       .....                  (no boots)
Stlth    +.........             (no amulet)
HPRegen  0.07/turn              c - ring of positive energy
MPRegen  0.09/turn              (no ring)

@: brilliant, flying
A: slimy green scales 1
a: no special abilities


You were on level 2 of the Dungeon.
You were not hungry.

You visited 1 branch of the dungeon, and saw 2 of its levels.

You collected 52 gold pieces.

Inventory:

Hand Weapons
 h - a +0 hand axe (weapon)
Missiles
 a - 12 arrows
Armour
 b - a +0 robe (worn)
Jewellery
 c - a ring of positive energy (left hand)
Scrolls
 f - a scroll of immolation {unknown}
 j - 3 scrolls of remove curse {unknown}
 k - a scroll of identify {unknown}
 l - a scroll of teleportation {unknown}
Potions
 i - a potion of mutation {unknown}
Comestibles
 d - 5 rations


   Skills:
 + Level 1.3 Fighting
 + Level 2.0 Dodging
 + Level 2.8 Unarmed Combat
 + Level 2.1 Spellcasting
 + Level 2.0 Transmutations


You had 4 spell levels left.
You knew the following spells:

 Your Spells              Type           Power        Failure   Level  Hunger
a - Beastly Appendage     Tmut           ###...       1%          1    #......

Your spell library contained the following spells:

 Spells                   Type           Power        Failure   Level  Hunger
 Spider Form              Tmut/Pois      ###.......   4%          3    ###....
 Blade Hands              Tmut           ###.......   21%         5    ######.
 Ice Form                 Ice/Tmut       ###.....     12%         4    #####..
 Sticks to Snakes         Tmut           ###.....     1%          2    ##.....


Dungeon Overview and Level Annotations

Branches:
Dungeon (2/15)

Altars:
Elyvilon


Innate Abilities, Weirdness & Mutations

You are partially covered in slimy green scales. (AC +2)


Message History

The gnoll is moderately wounded.
The gnoll hits you with a spear! The gnoll hits you.
You are too injured to fight recklessly!
You are too injured to fight recklessly!
You are too injured to fight recklessly!
You are too injured to fight recklessly!
You are too injured to fight recklessly!
You are too injured to fight recklessly!
You barely miss the gnoll. x2; The gnoll misses you.
The gnoll hits you.
* * * LOW HITPOINT WARNING * * *
The gnoll hits you from afar with a spear.
* * * LOW HITPOINT WARNING * * *
Your talons disappear.
It was a potion of flight.
You feel very buoyant.
You fly up into the air.
It was a potion of brilliance.
You feel clever all of a sudden.
The gnoll hits you from afar with a spear.
You die...

#.......#
#########.......#
#.g..g..........#
##.######.......#
#g# #.......# #S#
##....### #g#
....# #.# #####
#@# #.# #.# # #.#
# #.# # #.# # #.#
# #.# # #.# #


You could see 3 gnolls and an adder.

Vanquished Creatures
  2 giant cockroaches
  4 goblins
  A hobgoblin (D:1)
  2 bats (D:1)
  A frilled lizard (D:1)
  A kobold (D:1)
  A rat (D:1)
12 creatures vanquished.

Notes
Turn   | Place    | Note
-------+----------+-------------------------------------------
     0 | D:1      | kae the Demonspawn Transmuter began the quest for the Orb.
     0 | D:1      | Reached XP level 1. HP: 15/15 MP: 3/3
   691 | D:1      | Gained mutation: You are partially covered in slimy green scales. (AC +2) [demonic ancestry]
   691 | D:1      | Reached XP level 2. HP: 17/21 MP: 5/5
   808 | D:2      | Found a white marble altar of Elyvilon.
   955 | D:2      | Slain by a gnoll

Vault maps used:
D:1:      ebering_trefoil_3fold
D:2:      elyvilon_altar_5

Skill      XL: |  1  2 |
---------------+-------+-----
Dodging        | 2 |  2.0
Transmutations | 2 |  2.0
Fighting       | |  1.3
Unarmed Combat | |  2.8
Spellcasting   | |  2.1

Action                   || total
-------------------------++-------
Melee: Hand axe          ||    34
       Unarmed           ||    13
       Kick              ||     4
       Headbutt          ||     3
 Cast: Beastly Appendage ||     7
  Use: Potion            ||     2
Armor: Robe              ||    19
Dodge: Dodged            ||    57

Table legend:
 A = Spawn XP
 B = Non-spawn XP
 C = Spawn XP percentage of total XP
 D = Spawn monster count
 E = Non-spawn monster count
 F = Spawn count percentage of total count
 G = Total turns spent on level
                    A         B        C        D         E        F      G
               +---------+---------+-------+---------+---------+-------+---------
         Total |       0 |      20 |   0.0 |       0 |      12 |   0.0 |   955
               +---------+---------+-------+---------+---------+-------+---------
           D:1 |       0 |      12 |   0.0 |       0 |       8 |   0.0 |   797
           D:2 |       0 |       8 |   0.0 |       0 |       4 |   0.0 |   158
               +---------+---------+-------+---------+---------+-------+---------
